 Dungeon Crawl Stone Soup version 0.22-a0-469-gf26638a (webtiles) character file.

12392 Mamutox the Covert (level 11, -23/50 HPs)
             Began as a Spriggan Enchanter on June 12, 2018.
             Was an Initiate of Gozag.
             Annihilated by Rupert (28 damage)
             ... on level 2 of the Orcish Mines on June 13, 2018.
             The game lasted 01:30:17 (15991 turns).

Mamutox the Covert (Spriggan Enchanter)            Turns: 15991, Time: 01:30:18

Health: -23/50     AC: 13    Str:  4    XL:     11   Next: 61%
Magic:  18/25      EV: 27    Int: 19    God:    Gozag
Gold:   1658       SH:  0    Dex: 18    Spells: 14/28 levels left

rFire    + . .     SeeInvis +   a - +7 dagger "Grim Tooth" {flame, *Noise rElec rC+}
rCold    . . .     Gourm    .   (shield restricted)
rNeg     + . .     Faith    .   q - +2 robe {rN+}
rPois    .         Spirit   .   (helmet restricted)
rElec    +         Reflect  .   r - +2 cloak
rCorr    .         Harm     .   (gloves unavailable)
MR       +....                  (boots unavailable)
Stlth    ++++++....             (no amulet)
HPRegen  0.16/turn              f - +6 ring of protection
MPRegen  0.19/turn              I - ring of Lufemmudd {Fire *Slow rElec Stlth+}

@: very quick
A: very small, unfitting armour, see invisible, herbivore, speed 3, slow
metabolism 2
a: Potion Petition, Call Merchant, Bribe Branch, Renounce Religion


You were on level 2 of the Orcish Mines.
You worshipped Gozag.
Gozag was most pleased with you.
You were not hungry.

You visited 3 branches of the dungeon, and saw 12 of its levels.

You collected 2910 gold pieces.
You spent 1184 gold pieces at shops.
You paid 68 gold pieces to Gozag.

Inventory:

Hand Weapons
 a - the +7 dagger "Grim Tooth" (weapon) {flame, *Noise rElec rC+}
   (You bought it in a shop on level 9 of the Dungeon)

   It has been specially enchanted to burn those struck by it, causing extra
   injury to most foes and up to half again as much damage against particularly
   susceptible opponents.
   It protects you from cold.
   It insulates you from electricity.
   It may make noises in combat.
 b - a +0 blowgun
 m - a +1 rapier of holy wrath
 D - a +0 short sword
 U - a +0 hunting sling
Missiles
 s - 14 tomahawks
 v - 100 sling bullets
 A - 55 poisoned needles (quivered)
 G - 4 tomahawks of returning
Armour
 q - a +2 robe of positive energy (worn)
 r - a +2 cloak (worn)
Jewellery
 f - a +6 ring of protection (left hand)
 B - an uncursed ring of poison resistance
 I - the ring of Lufemmudd (right hand) {Fire *Slow rElec Stlth+}
   (You found it on level 4 of the Dungeon)

   [ring of fire]

   It enhances your fire magic.
   It protects you from fire.
   It makes you vulnerable to cold.
   It insulates you from electricity.
   It may slow you when you take damage.
   It makes you more stealthy.
 Q - an uncursed ring of protection from fire
Wands
 w - a wand of paralysis (7)
 F - a wand of disintegration (19)
 M - a wand of polymorph (40)
 O - a wand of flame (32)
 T - a wand of digging (13)
Scrolls
 c - 3 scrolls of magic mapping {unknown}
 e - 2 scrolls of enchant armour {unknown}
 h - 6 scrolls of remove curse {unknown}
 i - 3 scrolls of teleportation
 k - 2 scrolls of fog {unknown}
 n - 2 scrolls of blinking {unknown}
 o - 2 scrolls of identify
 u - a scroll of immolation {unknown}
 y - a scroll of fear {unknown}
 z - a scroll of enchant weapon
 E - a scroll of random uselessness {unknown}
Potions
 g - 2 potions of agility
 j - a potion of lignification {unknown}
 l - 2 potions of brilliance
 p - 4 potions of heal wounds
 t - 4 potions of magic
 x - a potion of degeneration {unknown}
 J - a potion of berserk rage {unknown}
 L - 2 potions of might
 N - a potion of cancellation {unknown}
 P - a potion of curing {unknown}
 R - a potion of flight {unknown}
 S - a potion of ambrosia {unknown}
 V - a potion of resistance {unknown}
Comestibles
 d - 7 rations


   Skills:
 - Level 2.0 Fighting
 + Level 8.0 Short Blades
 - Level 5.0 Throwing
 + Level 10.7 Dodging
 + Level 12.2 Stealth
 + Level 9.2 Spellcasting
 - Level 2.3 Conjurations
 + Level 9.6 Hexes
 + Level 3.0 Summonings
 - Level 1.0 Ice Magic
 - Level 5.0 Evocations


You had 14 spell levels left.
You knew the following spells:

 Your Spells              Type           Power        Failure   Level  Hunger
a - Summon Small Mammal   Summ           ###.         2%          1    None
b - Tukima's Dance        Hex            #####...     1%          3    None
c - Confuse               Hex            #####...     1%          3    None
d - Confusing Touch       Hex            #####.       1%          1    None
e - Corona                Hex            #####..      1%          1    None
v - Dazzling Spray        Conj/Hex       ####..       1%          3    None
x - Ensorcelled Hibernat  Hex/Ice        ####..       1%          2    None

Your spell library contained the following spells:

 Spells                   Type           Power        Failure   Level  Hunger
 Apportation              Tloc           #.....       9%          1    None
 Animate Skeleton         Necr           N/A          9%          1    None


Dungeon Overview and Level Annotations

Branches:
Dungeon (9/15)             Temple (1/1) D:6             Orc (2/2) D:9
    Elf (0/3) Orc:2
   Lair: D:8-11

Altars:
Ashenzari
Cheibriados
Dithmenos
Elyvilon
Fedhas
Gozag
Hepliaklqana
Kikubaaqudgha
Makhleb
Nemelex Xobeh
Okawaru
Qazlal
Ru
Sif Muna
Trog
Uskayaw
Vehumet
Wu Jian
Xom
Yredelemnul
Zin

Shops:
D:9 [(=

Annotations:
D:3 Yarrr's ghost, weakling NaTm
Orc:2 Rupert; iamserjio's ghost, journeyman SpMo


Innate Abilities, Weirdness & Mutations

You are very small and have problems with some larger weapons.
You are too small for most types of armour.
You have supernaturally acute eyesight. (SInv)
You are a herbivore.
You cover ground extremely quickly.
You need to consume almost no food.


Message History

Rupert is heavily wounded.
Rupert hits you!
You hit Rupert. You burn Rupert.
Rupert is heavily wounded.
Rupert hits you!!
* * * LOW HITPOINT WARNING * * *
Your great mace of protection closely misses Rupert.
There is a stone staircase leading up, spattered with blood here.
Things that are here:
a robe; a dagger
Things that are here:
a leather armour; a short sword Rupert rages.
There is a stone staircase leading up, spattered with blood here.
Things that are here:
2 tomahawks of returning; 3 arrows Rupert hits you!!
Ouch! That really hurt!
You die...
Your body crumbles into a pile of gold.

##.# #...#.###. #..#### ##....#
#. ##.....# #..().#### #
####......### ####.......# #
#...........# ##.#)........ ###
####.........####...)........
..###.#..........#.###[..........
..#...#.............##).<.[#.....
......[.....).[[@@[..[.....#.....
..........##[#.......[)..###.....
......>...#####...........###...[
......[..## ###[..[....#### ####.
.........# #.[...(......# ####[.
..#......####)).(..[...)[###.#.(.
.##..#.....[...(...#(.....#......
######...........[###............
..# #............#.#..........(..


You could see Rupert (berserk).

Vanquished Creatures
  Nessos (Orc:2)
  3 two-headed ogres
  An orc high priest (Orc:2)
  An orc knight (Orc:2)
  A deep elf mage (D:9)
  An orc sorcerer (Orc:1)
  Joseph (D:8)
  3 trolls
  A yak (D:7)
  The ghost of Mamutox the Chucker, an amateur TrHu (D:4)
  3 hogs (D:7)
  A human (D:7)
  A hungry ghost (D:8)
  3 wargs
  3 ice beasts
  12 orc warriors
  A black bear (D:6)
  A sky beast (D:6)
  8 ogres
  5 centaurs
  A big kobold (D:9)
  3 bullfrogs
  Blork the orc (D:6)
  2 scorpions
  7 killer bees
  A howler monkey (D:6)
  2 crimson imps
  A centaur zombie (D:7)
  4 hounds
  A jelly (D:7)
  12 orc priests
  Crazy Yiuf (D:2)
  A centaur skeleton (D:5)
  A bullfrog skeleton (D:4)
  3 iguanas
  4 worker ants
  15 orc wizards
  2 hound zombies
  2 hound skeletons
  A howler monkey zombie (D:8)
  A worker ant zombie (D:6)
  6 gnolls
  A howler monkey skeleton (D:8)
  6 adders
  4 worms
  3 dart slugs
  7 leopard geckos
  61 orcs
  A ball python (D:6)
  2 giant cockroaches
  5 goblins
  4 hobgoblins
  12 jackals
  4 quokkas
  A ball python skeleton (D:4)
  A ball python zombie (D:5)
  6 bats
  3 frilled lizards
  A jackal zombie (D:9)
  12 kobolds
  2 quokka skeletons (D:5)
  A quokka zombie (D:4)
  9 rats
  A rat zombie (D:4)
271 creatures vanquished.

Vanquished Creatures (collateral kills)
  An orc knight (Orc:1)
  2 orc priests (Orc:1)
  3 orcs (Orc:2)
6 creatures vanquished.

Vanquished Creatures (others)
  A dancing weapon (Orc:2)
  3 orc wizards (Orc:2)
  An orc (Orc:2)
5 creatures vanquished.

Grand Total: 282 creatures vanquished

Notes
Turn   | Place    | Note
-------+----------+-------------------------------------------
     0 | D:1      | Mamutox the Spriggan Enchanter began the quest for the Orb.
     0 | D:1      | Reached XP level 1. HP: 9/9 MP: 5/5
   399 | D:1      | Reached XP level 2. HP: 13/13 MP: 6/6
   403 | D:1      | Learned a level 2 spell: Ensorcelled Hibernation
   951 | D:2      | Found a runed door.
   955 | D:2      | Noticed Crazy Yiuf
   959 | D:2      | Killed Crazy Yiuf
   959 | D:2      | Reached skill level 6 in Stealth
   959 | D:2      | Reached XP level 3. HP: 16/16 MP: 8/8
   964 | D:2      | Learned a level 3 spell: Confuse
  1010 | D:2      | Reached XP level 4. HP: 21/21 MP: 9/9
  1441 | D:2      | Found a shattered altar of Ashenzari.
  1752 | D:3      | Found an iron altar of Okawaru.
  2095 | D:3      | Found a snail-covered altar of Cheibriados.
  2125 | D:3      | Noticed Yarrr's ghost (weakling NaTm)
  2378 | D:3      | HP: 1/21 [poisoned by a kobold]
  2921 | D:4      | Found a blossoming altar of Fedhas.
  2988 | D:4      | Reached XP level 5. HP: 25/25 MP: 4/11
  3063 | D:4      | You fall through a shaft for 2 floors!
  3063 | D:6      | Noticed a black bear
  3070 | D:6      | Killed a black bear
  3070 | D:6      | Reached skill level 1 in Fighting
  3070 | D:6      | Reached skill level 5 in Hexes
  3070 | D:6      | Reached XP level 6. HP: 30/30 MP: 9/12
  3186 | D:6      | Found a staircase to the Ecumenical Temple.
  3204 | Temple   | Entered the Ecumenical Temple
  3511 | Temple   | Became a worshipper of Gozag Ym Sagoz the Greedy
  3656 | D:5      | Entered Level 5 of the Dungeon
  3656 | D:5      | Found a sacrificial altar of Ru.
  3656 | D:5      | Found an ornate altar of the Wu Jian Council.
  3732 | D:6      | Reached skill level 7 in Stealth
  4013 | D:5      | Reached XP level 7. HP: 33/33 MP: 3/14
  4167 | D:5      | Reached skill level 5 in Dodging
  4437 | D:4      | Noticed Mamutox's ghost (amateur TrHu)
  4463 | D:4      | Killed Mamutox's ghost
  4906 | D:4      | Got a faintly glowing brass ring
  5220 | D:5      | Found a sparkling altar of Nemelex Xobeh.
  5246 | D:5      | Reached skill level 1 in Evocations
  5263 | D:5      | Reached skill level 1 in Throwing
  5263 | D:5      | Reached skill level 8 in Stealth
  5934 | D:6      | Noticed Blork the orc
  5951 | D:6      | Killed Blork the orc
  5951 | D:6      | Reached XP level 8. HP: 39/39 MP: 10/16
  6000 | D:6      | Reached skill level 5 in Spellcasting
  6190 | D:6      | Found a shimmering altar of Xom.
  7680 | D:7      | Reached skill level 5 in Evocations
  7680 | D:7      | Reached XP level 9. HP: 42/42 MP: 15/18
  7682 | D:7      | Reached skill level 9 in Stealth
  7686 | D:7      | Reached skill level 5 in Short Blades
  7782 | D:7      | Learned a level 1 spell: Summon Small Mammal
  7786 | D:7      | Learned a level 3 spell: Tukima's Dance
  7788 | D:7      | Learned a level 1 spell: Confusing Touch
  7792 | D:7      | Learned a level 3 spell: Dazzling Spray
  7857 | D:7      | Found a hazy altar of Hepliaklqana.
  8503 | D:8      | Reached skill level 5 in Throwing
  8605 | D:8      | Found a bloodstained altar of Trog.
  8731 | D:8      | Noticed Joseph
  8885 | D:8      | Found a burning altar of Makhleb.
  9140 | D:8      | Killed Joseph
  9140 | D:8      | Reached skill level 1 in Summonings
  9140 | D:8      | Reached skill level 1 in Ice Magic
  9340 | D:8      | Noticed a two-headed ogre
  9347 | D:8      | Killed a two-headed ogre
  9347 | D:8      | Reached skill level 10 in Stealth
  9347 | D:8      | Reached XP level 10. HP: 46/46 MP: 21/21
  9726 | D:9      | Found Nihocri's Jewellery Emporium.
  9770 | D:9      | Identified the ring of Lufemmudd {Fire *Slow rElec Stlth+} (You found it on level 4 of the Dungeon)
  9816 | D:9      | Found a staircase to the Orcish Mines.
  9816 | D:9      | Found Hyejas's Weapon Shop.
  9817 | D:9      | Found Wanoaz's Armour Shop.
  9890 | D:9      | Noticed a two-headed ogre
  9897 | D:9      | Killed a two-headed ogre
  9897 | D:9      | Reached skill level 1 in Conjurations
  9920 | D:9      | Noticed a deep elf mage
 10134 | D:9      | Noticed a two-headed ogre
 10429 | D:9      | Bought a +2 robe of positive energy for 205 gold pieces
 10494 | D:9      | Bought a +0 rapier of holy wrath for 138 gold pieces
 10494 | D:9      | Bought the +7 dagger "Grim Tooth" {flame, *Noise rElec rC+} for 841 gold pieces
 10542 | D:9      | Killed a deep elf mage
 10621 | D:9      | Killed a two-headed ogre
 10621 | D:9      | Reached skill level 11 in Stealth
 11217 | Orc:1    | Entered Level 1 of the Orcish Mines
 11371 | Orc:2    | Entered Level 2 of the Orcish Mines
 11392 | Orc:2    | Found a staircase to the Elven Halls.
 12126 | Orc:2    | Reached XP level 11. HP: 50/50 MP: 15/24
 12291 | Orc:2    | Noticed an orc knight
 12301 | Orc:2    | Noticed an orc high priest
 12452 | Orc:1    | Noticed an orc sorcerer
 12514 | Orc:1    | Noticed a sun demon
 12600 | Orc:1    | Killed an orc sorcerer
 12866 | Orc:1    | Reached skill level 10 in Dodging
 13590 | Orc:1    | Noticed an orc knight
 13629 | Orc:1    | Killed an orc knight
 14514 | Orc:2    | Noticed a soul eater
 14515 | Orc:2    | Noticed a sun demon
 14678 | Orc:2    | Killed an orc high priest
 14851 | Orc:2    | Noticed Nessos
 15491 | Orc:2    | Noticed an orc knight
 15515 | Orc:2    | Killed an orc knight
 15515 | Orc:2    | Reached skill level 12 in Stealth
 15705 | Orc:2    | Noticed Rupert
 15713 | Orc:2    | Noticed iamserjio's ghost (journeyman SpMo)
 15871 | Orc:2    | Killed Nessos
 15991 | Orc:2    | Annihilated by Rupert

Vault maps used:
D:1:      elethiomel_arrival_maze
D:2:      old_standard_altar, uniq_crazy_yiuf_cottage
D:3:      okawaru_ov_weapons_minmay, cheibriados_altar_1,
          nicolae_tso_swordbearing_angel, minmay_misc_feat_ornament
D:4:      fedhas_altar_2, enter_ossuary_4
D:5:      nemelex_xobeh_ov_fountains_minmay, nicolae_overflow_hidden_temple,
          first_ration
D:6:      nicolae_overflow_crystal_walls, minmay_temple_entry_poolview,
          uniq_blork_the_orc
D:7:      overflow_temple_1_default, grunt_livestock
D:8:      kennysheep_little_box, bloody_trog, uniq_joseph
D:9:      orc_david_3, serial_co_window_serial, co_window_cross_1,
          co_window_paths_a, co_window_paths_a, co_window_of_opportunity_a,
          co_window_of_opportunity_a, co_window_corner_b, co_window_2corner,
          co_window_corner_b, co_window_broadway_b, co_window_cross_3,
          co_window_unsneaky_path_d, serial_shops, shop
Temple:   dpeg_chambers_temple
Orc:2:    grunt_orc_tribal_feast, uniq_nessos, uniq_rupert

Skill      XL: |  1  2  3  4  5  6  7  8  9 10 11 |
---------------+----------------------------------+-----
Hexes          | 4 5 6 7 8 9 |  9.6
Stealth        | 6 7 8 10 11 12 | 12.2
Spellcasting   | 3 4 5 7 8 9 |  9.2
Short Blades   | 2 3 4 5 7 8 |  8.0
Fighting       | 1 2 |  2.0
Dodging        | 4 5 6 8 9 10 | 10.7
Evocations     | 2 5 |  5.0
Throwing       | 1 3 5 |  5.0
Summonings     | 1 3 |  3.0
Ice Magic      | 1 |  1.0
Conjurations   | 2 |  2.3

Action                   |  1- 3 |  4- 6 |  7- 9 | 10-12 || total
-------------------------+-------+-------+-------+-------++-------
Melee: Dagger            |    42 |   137 |   242 |   270 ||   691
 Cast: Ensorcelled Hiber |     1 |    42 |   106 |   163 ||   312
       Confuse           |       |    10 |    20 |    13 ||    43
       Corona            |       |     1 |       |       ||     1
       Confusing Touch   |       |       |     4 |       ||     4
       Dazzling Spray    |       |       |     1 |     2 ||     3
       Summon Small Mamm |       |       |     1 |     7 ||     8
       Tukima's Dance    |       |       |       |    12 ||    12
Invok: Potion Petition   |       |       |       |     1 ||     1
  Use: Scroll            |       |       |       |     7 ||     7
       Potion            |       |       |       |     1 ||     1
 Stab: Sleeping          |    10 |    32 |    64 |    81 ||   187
       Confused          |       |     7 |    14 |     7 ||    28
       Distracted        |       |       |       |     1 ||     1
  Eat: Ration            |       |     2 |     4 |     3 ||     9
Armor: Robe              |     6 |    12 |    18 |    26 ||    62
Dodge: Dodged            |    25 |    99 |   143 |   153 ||   420

Table legend:
 A = Spawn XP
 B = Non-spawn XP
 C = Spawn XP percentage of total XP
 D = Spawn monster count
 E = Non-spawn monster count
 F = Spawn count percentage of total count
 G = Total turns spent on level
                    A         B        C        D         E        F      G
               +---------+---------+-------+---------+---------+-------+---------
         Total |       0 |   17703 |   0.0 |       0 |     277 |   0.0 | 15991
               +---------+---------+-------+---------+---------+-------+---------
           D:1 |       0 |      17 |   0.0 |       0 |      10 |   0.0 |   740
           D:2 |       0 |      96 |   0.0 |       0 |      15 |   0.0 |   980
           D:3 |       0 |      36 |   0.0 |       0 |      22 |   0.0 |  1052
           D:4 |       0 |     402 |   0.0 |       0 |      11 |   0.0 |  1164
           D:5 |       0 |     514 |   0.0 |       0 |      24 |   0.0 |   978
           D:6 |       0 |     875 |   0.0 |       0 |      17 |   0.0 |  1346
           D:7 |       0 |    1972 |   0.0 |       0 |      26 |   0.0 |  1349
           D:8 |       0 |    2147 |   0.0 |       0 |      27 |   0.0 |  1675
           D:9 |       0 |    3753 |   0.0 |       0 |      48 |   0.0 |  1596
         Orc:1 |       0 |    3037 |   0.0 |       0 |      32 |   0.0 |  2276
         Orc:2 |       0 |    4854 |   0.0 |       0 |      45 |   0.0 |  2498
               +---------+---------+-------+---------+---------+-------+---------
